 Dungeon Crawl Stone Soup version 0.31-a0-441-g867994ef1c (webtiles) character file.

Game seed: 13262304112726111054

221 ryw the Ruffian (level 5, -6/53 HPs)
             Began as a Troll Fighter on Aug 3, 2023.
             Mangled by Menkaure (19 damage)
             ... on level 4 of the Dungeon.
             The game lasted 00:04:52 (2280 turns).

ryw the Ruffian (Troll Fighter)                     Turns: 2280, Time: 00:04:53

Health: -6/53      AC:  4    Str: 26    XL:     5   Next: 65%
Magic:  4/4        EV:  9    Int:  4    God:
Gold:   182        SH:  9    Dex:  9    Spells: 4/4 levels left

rFire   . .          .
                       - Unarmed
rCold   . . .        b - +1 kite shield
rNeg    . . .        a - +0 robe
rPois   .            (helmet restricted)
rElec   .            (no cloak)
rCorr   .            (gloves unavailable)
SInv    .            (boots unavailable)
Will    +....        (no amulet)
Stlth   +            m - ring of willpower
HPRegen 1.08/turn    (no ring)
MPRegen 0.09/turn

%: no passive effects
@: mighty
A: large, unfitting armour, claws 3, regeneration 1, shaggy fur 1, tough skin 1
a: no special abilities


You were on level 4 of the Dungeon.
You visited 1 branch of the dungeon, and saw 4 of its levels.

You collected 182 gold pieces.

Inventory:

Missiles
 g - 3 poisoned darts
 l - 6 javelins
Armour
 a - a +0 robe (worn)
 b - a +1 kite shield (worn)
Jewellery
 m - a ring of willpower (left claw)
Talismans
 j - a serpent talisman
Scrolls
 d - 5 scrolls of teleportation
 f - 2 scrolls of enchant armour
 i - a scroll of amnesia {unknown}
 o - a scroll of immolation {unknown}
Potions
 e - a potion of invisibility {unknown}
 h - 2 potions of heal wounds
 k - 2 potions of enlightenment
 n - a potion of magic {unknown}


   Skills:
 + Level 3.2 Fighting
 + Level 1.1 Throwing
 - Level 3.0 Dodging
 + Level 3.6 Shields
 * Level 3.7 Unarmed Combat


You had 4 spell levels left.
You didn't know any spells.
Your spell library was empty.

Dungeon Overview and Level Annotations

Branches:
Dungeon (4/15)
 Temple: D:4-7

Altars:
Gozag
Kikubaaqudgha
Nemelex Xobeh
Qazlal
Yredelemnul

Annotations:
D:4 Menkaure


Innate Abilities, Weirdness & Mutations

You are too large for most types of armour.
You have claws for hands.
Your natural rate of healing is unusually fast.
You are covered in fur. (AC +1)
You have tough skin. (AC +1)


Message History

You scratch the orc.
You kill the orc!
The orc hits you with a +0 whip.
You completely miss the orc. You block the orc's attack.
You mangle the worm!!
You kill the worm!
The orc barely misses you.
You scratch the orc.
The orc is lightly wounded.
Menkaure, Prince of Dust comes into view.
The orc hits you with a +0 whip.
You barely miss the orc.
The orc is lightly wounded.
Menkaure shouts!
You block the orc's attack.
You scratch the orc.
You kill the orc!
Menkaure mumbles, "It doesn't hurt if you pull your brain out of your nose yourself."
Menkaure calls on the powers of darkness!
Your body is wracked with pain!
Menkaure draws the symbol "Udjat" in the dust.
You see here a +0 chain mail.
Menkaure calls on the powers of darkness!
Your body is wracked with pain!
Menkaure gestures wildly while chanting.
Menkaure seems to speed up.
Menkaure calls on the powers of darkness!
Your body is wracked with pain!
* * * LOW HITPOINT WARNING * * *
There is a stone staircase leading down here.
You barely miss Menkaure. You block Menkaure's attack.
You are too injured to fight recklessly!
Unknown command.
You feel very mighty all of a sudden. Menkaure hits you!
* * * LOW HITPOINT WARNING * * *
You scratch Menkaure.
Menkaure is lightly damaged.
Menkaure hits you!!
You die...

.....####..#.######
.....##...........#.#
#######.###..####.#.#
#.....# #...# #.#.#
......######..###.#.#
......+...........#.#
......#######.....#.#
.............#....#.########
..##########.#.M@...........
.. #.##..##.######## .
#.##..##.# #.##..##.#
#.##..##.# #.##..##.#
#.##..##.#######
#..#........# #..#.....)..#


You could see Menkaure (fast).

Vanquished Creatures
  An orc priest (D:2)
  3 orc wizards
  2 adders
  6 worms
  12 orcs
  9 endoplasms
  5 giant cockroaches
  5 goblins
  5 hobgoblins
  5 ball pythons
  3 bats
  4 frilled lizards
  5 kobolds
  8 rats
73 creatures vanquished.

Notes
Turn   | Place    | Note
-------+----------+-------------------------------------------
     0 | D:1      | ryw the Troll Fighter began the quest for the Orb.
     0 | D:1      | Reached XP level 1. HP: 22/22 MP: 0/0
   167 | D:1      | Reached XP level 2. HP: 29/29 MP: 1/1
   647 | D:2      | Reached XP level 3. HP: 30/36 MP: 2/2
  1007 | D:2      | Reached XP level 4. HP: 19/44 MP: 3/3
  1640 | D:3      | Found a faded altar of an unknown god.
  1711 | D:3      | Reached XP level 5. HP: 46/53 MP: 4/4
  1932 | D:3      | Found a sparkling altar of Nemelex Xobeh.
  1942 | D:3      | Found a stormy altar of Qazlal.
  1945 | D:3      | Found a basalt altar of Yredelemnul.
  1945 | D:3      | Found an ancient bone altar of Kikubaaqudgha.
  1952 | D:3      | Found an opulent altar of Gozag.
  2197 | D:4      | Reached skill level 1 in Throwing
  2252 | D:4      | Noticed Menkaure
  2280 | D:4      | Mangled by Menkaure

Illustrated notes

Levels and vault maps discovered:
D:1:      mushboom_english_gardens, layout_loops_ring
D:2:      layout_loops_ring, hangedman_decor_peaks_small
D:3:      layout_rooms, nicolae_overflow_hallway_of_the_gods,
          dreamdust_ecumenical_altar_angels_and_demons,
          kennysheep_generic_room_4
D:4:      layout_basic, uniq_blork_the_orc, uniq_menkaure

Skill      XL: |  1  2  3  4  5 |
---------------+----------------+-----
Shields        | 3 |  3.6
Dodging        | 3 |  3.0
Fighting       | 3 |  3.2
Unarmed Combat | 3 |  3.7
Throwing       | 1 |  1.1

Action                     |  1- 3 |  4- 6 || total
---------------------------+-------+-------++-------
  Melee: Unarmed           |    85 |   101 ||   186
    Use: Scroll            |     1 |     5 ||     6
         Potion            |       |     1 ||     1
   Stab: Sleeping          |       |     1 ||     1
 Armour: Robe              |    26 |    14 ||    40
  Dodge: Dodged            |    24 |    19 ||    43
  Block: Kite shield       |    25 |    32 ||    57

Table legend: (Time is in decaauts)
 A = Elapsed time spent in this place.
 B = Non-inter-level travel time spent in this place.
 C = Inter-level travel time spent in this place.
 D = Time resting spent in this place.
 E = Time spent auto-exploring this place.
 F = Levels seen in this place.
 G = Mean time per level.
                   A        B        C        D        E       F      G
               +--------+--------+--------+--------+--------+-----+--------+
         Total |   2291 |   2226 |     65 |    172 |   1444 |   4 |  572.8 |
       Dungeon |   2291 |   2226 |     65 |    172 |   1444 |   4 |  572.8 |
               +--------+--------+--------+--------+--------+-----+--------+

Top non-repeatable levels by time:
     D:2: 959 daAuts
     D:3: 629 daAuts
     D:1: 595 daAuts
     D:4: 107 daAuts
